 Dungeon Crawl Stone Soup version 0.17.0 (webtiles) character file.

121 Sheev the Magician (level 4, -1/27 HPs)
             Began as a High Elf Air Elementalist on Nov 7, 2015.
             Slain by a gnoll
             ... wielding a +2 spear of flaming
              (2 damage)
             ... on level 3 of the Dungeon.
             The game lasted 00:12:39 (3243 turns).

Sheev the Magician (High Elf Air Elementalist)      Turns: 3243, Time: 00:12:39

Health: -1/27      AC:  2    Str:  7    XL:     4   Next: 77%
Magic:  2/12       EV:  8    Int: 19    God:
Gold:   64         SH:  0    Dex: 16    Spells: 2 memorised, 10 levels left

rFire  . . .     SeeInvis +     (no weapon)
rCold  . . .     Clarity  .     a - +0 robe
rNeg   . . .     SustAt   .     (no shield)
rPois  .         Gourm    .     (no helmet)
rElec  .         Spirit   .     (no cloak)
rCorr  .         Warding  .     (no gloves)
rMut   .         Stasis   .     (no boots)
MR     .....                    (no amulet)
Stlth  ++........               t - ring of flight
                                i - ring of see invisible

@: not resistant to hostile enchantments, unstealthy
A: no striking features
a: Evoke Flight


You were on level 3 of the Dungeon.
You were not hungry.

You visited 1 branch of the dungeon, and saw 3 of its levels.

You collected 64 gold pieces.

Inventory:

Armour
 a - a +0 robe (worn)
Jewellery
 i - a ring of see invisible (left hand)
 q - an uncursed ring of protection from fire
 t - a ring of flight (right hand)
Scrolls
 f - 2 scrolls of identify {unknown}
 h - a scroll of noise {unknown}
 k - a scroll of remove curse
 l - a scroll of enchant armour {unknown}
 r - a scroll of teleportation {unknown}
 s - 2 scrolls of recharging {unknown}
 u - a scroll of amnesia {unknown}
 v - a scroll of blinking {unknown}
Potions
 d - a potion of might {unknown}
 e - 5 potions of brilliance {unknown}
 j - a potion of invisibility {unknown}
 m - a potion of magic {unknown}
 o - a potion of haste {unknown}
 p - a potion of lignification {unknown}
Books
 b - a book of Air

   Spells                             Type                      Level
   a - Shock                          Conjuration/Air              1
   b - Swiftness                      Charms/Air                   2
   c - Repel Missiles                 Charms/Air                   2
   d - Static Discharge               Conjuration/Air              3
   e - Lightning Bolt                 Conjuration/Air              5
Comestibles
 c - a bread ration
 g - a beef jerky


   Skills:
 - Level 2.1 Dodging
 - Level 2.1 Stealth
 + Level 5.6 Spellcasting
 - Level 1.1 Conjurations
 - Level 3.6 Air Magic


You had 10 spell levels left.
You knew the following spells:

 Your Spells              Type           Power        Failure   Level  Hunger
a - Shock                 Conj/Air       ##..         6%          1    None
b - Static Discharge      Conj/Air       ##......     14%         3    ##.....


Dungeon Overview and Level Annotations

Branches:
Dungeon (3/15)

Altars:


Message History

The gnoll is severely wounded.
The gnoll barely misses you.
You barely miss the gnoll.
The gnoll is severely wounded.
The gnoll barely misses you.
You closely miss the gnoll.
The gnoll is severely wounded.
You closely miss the gnoll.
The gnoll is severely wounded.
The gnoll hits you with a spear of flaming.
The gnoll burns you.
You hit the gnoll but do no damage.
The gnoll is severely wounded.
The gnoll closely misses you. The gnoll misses you.
There is a stone staircase leading up here.
The gnoll hits you from afar with a spear of flaming!
* * * LOW HITPOINT WARNING * * *
The gnoll burns you.
You die...

#. #.##..
......
......#
.......
.......##
.......####
#...g.@#
#.#.####
#.....#
#.....#
.........
##......#g.
#......#.##
#....... .
#.>...... .


You could see a gnoll.

Vanquished Creatures
  3 gnolls (D:2)
  5 adders
  5 bats
  2 giant cockroaches
  5 goblins
  8 hobgoblins
  3 kobolds (D:1)
  A quokka (D:2)
  A ball python (D:2)
  A giant gecko (D:2)
  3 giant newts
  6 jackals
  8 rats
51 creatures vanquished.

Notes
Turn   | Place    | Note
--------------------------------------------------------------
     0 | D:1      | Sheev the High Elf Air Elementalist began the quest for the Orb.
     0 | D:1      | Reached XP level 1. HP: 11/11 MP: 4/4
   410 | D:1      | Reached XP level 2. HP: 17/17 MP: 4/7
  1556 | D:2      | Reached skill level 4 in Spellcasting
  1647 | D:2      | Reached XP level 3. HP: 21/21 MP: 2/9
  1652 | D:2      | Learned a level 3 spell: Static Discharge
  2592 | D:2      | Reached XP level 4. HP: 27/27 MP: 9/11
  2677 | D:2      | Reached skill level 5 in Spellcasting
  3243 | D:3      | HP: 1/27 [gnoll/spear of flaming (8)]
  3243 | D:3      | Slain by a gnoll

Action                   |  1- 3 |  4- 6 || total
-------------------------+-------+-------++-------
Melee: Unarmed           |    23 |     5 ||    28
 Cast: Shock             |    85 |     8 ||    93
       Static Discharge  |     3 |    13 ||    16
  Use: Scroll            |     1 |       ||     1
  Eat: Chunk             |     5 |     1 ||     6
       Bread ration      |       |     1 ||     1
